AoeStats
← metze444

Arabia

510518358Analyzed
1v1 RM · 18h ago on Oct 1, 2026· 53m 35s· 2 players
Game mode
Random Map
Map size
Tiny (2 player)
Population
200
Speed
Normal
Resources
Standard
Victory
Conquest
Starting age
Dark Age
Ending age
Imperial Age
RankedLock teamsTeams togetherTeam positionsShared explorationLock speedFull tech treeHidden civsTurbo modeCheats
Victory
Defeat
🇩🇪 Turks · Germany
878
+16
🇺🇸 Huns · United States
872
-16
Punisher85
7:21 Loom
9:43 Feudal Age
10:36 Double-Bit Axe
14:35 Padded Archer Armor
21:44 Castle Age
20:31 Scale Barding Armor
20:51 Gold Mining
22:12 Forging
22:35 Bloodlines
23:21 Husbandry
23:19 Horse Collar
25:54 Bow Saw
27:31 Elite Skirmisher
30:56 Fletching
32:38 Leather Archer Armor
32:19 Bodkin Arrow
35:12 Pikeman
45:52 Wheelbarrow
47:27 Iron Casting
metze444
9:17 Loom
11:55 Feudal Age
12:43 Double-Bit Axe
13:55 Horse Collar
15:12 Fletching
19:41 Castle Age
18:49 Padded Archer Armor
19:10 Gold Mining
20:44 Bow Saw
20:43 Bodkin Arrow
22:01 Heavy Plow
24:51 Ballistics
25:29 Leather Archer Armor
25:28 Masonry
26:09 Thumb Ring
28:24 Town Watch
29:44 Wheelbarrow
32:07 Husbandry
32:18 Bloodlines
32:47 Forging
34:45 Iron Casting
40:56 Imperial Age
39:15 Town Patrol
40:05 Fervor
42:06 Parthian Tactics
42:20 Bracer
42:26 Scale Barding Armor
43:04 Stone Mining
44:34 Ring Archer Armor
46:11 Blast Furnace
45:27 Heavy Cavalry Archer
47:07 Chain Barding Armor
47:58 Conscription
48:01 Sipahi
48:59 Architecture
52:47 Hoardings
Connection lost

Rejoining the realm…

Still unreachable

The connection could not be restored.

Session expired

The server has moved on; the page needs a fresh start.